 Dungeon Crawl Stone Soup version 0.18.1-6-gd335043 (webtiles) character file.

60 MARSONE the Ducker (level 3, -2/36 HPs)
             Began as a Troll Fighter on May 18, 2016.
             Slain by an orc
             ... wielding a +0 club
              (4 damage)
             ... on level 4 of the Dungeon on May 20, 2016.
             The game lasted 00:13:06 (1670 turns).

MARSONE the Ducker (Troll Fighter)                  Turns: 1670, Time: 00:13:08

Health: -2/36      AC:  5    Str: 24    XL:     3   Next: 82%
Magic:  2/2        EV: 12    Int:  5    God:
Gold:   123        SH:  8    Dex:  9    Spells: 0 memorised, 2 levels left

rFire  . . .     SeeInvis .     a - +0 trident
rCold  . . .     Gourm    +     b - +0 robe
rNeg   . . .     Faith    +     c - +0 shield
rPois  .         Spirit   .     (helmet restricted)
rElec  .         Dismiss  .     (no cloak)
rCorr  .         Reflect  .     (gloves unavailable)
SustAt .         Harm     .     (boots unavailable)
MR     .....                    z - amulet of faith
Stlth  ..........               w - +4 ring of evasion
                                t - ring of loudness (curse)

@: not resistant to hostile enchantments, extremely unstealthy
A: unfitting armour, claws 3, fast metabolism 3, gourmand, regeneration 2,
shaggy fur 1, tough skin 2
a: no special abilities


You were on level 4 of the Dungeon.
You were not hungry.

You visited 1 branch of the dungeon, and saw 4 of its levels.

You collected 123 gold pieces.

Inventory:

Hand Weapons
 a - a +0 trident (weapon)
 n - a +1 vampiric short sword
Missiles
 k - 97 stones (quivered)
Armour
 b - a +0 robe (worn)
 c - a +0 shield (worn)
 m - a +0 ring mail
 r - a +0 leather armour
 x - a +2 leather armour of poison resistance
Jewellery
 e - an uncursed ring of protection from fire
 j - an uncursed ring of sustain attributes
 t - a cursed ring of loudness (left claw)
 w - a +4 ring of evasion (right claw)
 z - an amulet of faith (around neck)
Scrolls
 h - a scroll of magic mapping {unknown}
 i - 2 scrolls of teleportation {unknown}
 l - a scroll of enchant armour {unknown}
 o - a scroll of fear {unknown}
 p - 4 scrolls of remove curse {unknown}
 s - 2 scrolls of identify {unknown}
 v - a scroll of random uselessness {unknown}
 D - a scroll of fog {unknown}
Potions
 d - a potion of might
 q - 2 potions of lignification {unknown}
 u - 3 potions of curing {unknown}
 A - 2 potions of agility {unknown}
 B - a potion of haste {unknown}
Miscellaneous
 y - a plain deck of summoning {drawn: 1}
Comestibles
 f - 5 bread rations
 g - 3 meat rations
 C - 2 chunks of flesh


   Skills:
 + Level 2.8 Fighting
 + Level 1.8 Polearms
 + Level 3.2 Dodging
 + Level 0.1 Stealth
 - Level 2.7 Shields


You had 2 spell levels left.
You didn't know any spells.

Dungeon Overview and Level Annotations

Branches:
Dungeon (4/15)
 Temple: D:4-7

Altars:
Nemelex Xobeh
Qazlal


Innate Abilities, Weirdness & Mutations

You are too large for most types of armour.
You have claws for hands.
Your metabolism is lightning-fast.
You like to eat raw meat.
You heal very quickly.
You are covered in fur (AC +1).
You have very tough skin (AC +2).


Message History

You block the orc's attack. The hound closely misses you.
You block the howler monkey's attack. The howler monkey bites you.
* * * LOW HITPOINT WARNING * * *
The orc misses you. The orc hits you with a club.
* * * LOW HITPOINT WARNING * * *
The iguana closely misses you. The hound bites you but does no damage.
The howler monkey hits you but does no damage.
You block the howler monkey's attack. You block the orc's attack.
The orc closely misses you. The orc hits you but does no damage.
The hound bites you.
* * * LOW HITPOINT WARNING * * *
The iguana bites you.
* * * LOW HITPOINT WARNING * * *
The howler monkey hoots and howls with incredible vigour!
You block the orc's attack. The hound closely misses you.
The orc hits you with a dagger.
* * * LOW HITPOINT WARNING * * *
The orc hits you with a club.
You die...

#...$....####
##............
#...(......<#
#.........###
##...#######
#....#
####....#
####..ho...#
#.....@lo..#
#....hoo...#
#.....S....#
#..........#
#..........#
#..........#
#...........
#............


You could see a howler monkey, an iguana, a hound, an adder and 4 orcs.

Vanquished Creatures
  2 adders
  A worm (D:2)
  A dart slug (D:1)
  3 giant geckos
  A giant cockroach (D:3)
  6 goblins
  2 hobgoblins
  2 jackals (D:3)
  4 quokkas
  4 bats
  A giant newt (D:3)
  3 kobolds
  4 rats
34 creatures vanquished.

Notes
Turn   | Place    | Note
--------------------------------------------------------------
     0 | D:1      | MARSONE the Troll Fighter began the quest for the Orb.
     0 | D:1      | Reached XP level 1. HP: 22/22 MP: 0/0
   264 | D:1      | Reached XP level 2. HP: 24/29 MP: 1/1
   787 | D:2      | Reached XP level 3. HP: 36/36 MP: 2/2
   944 | D:3      | Found a sparkling altar of Nemelex Xobeh.
  1025 | D:3      | Noticed an air elemental
  1027 | D:3      | Found a stormy altar of Qazlal.
  1028 | D:3      | Noticed a fire elemental
  1028 | D:3      | Noticed an earth elemental
  1028 | D:3      | Noticed a water elemental
  1140 | D:3      | Reached skill level 3 in Dodging
  1670 | D:4      | Slain by an orc

Skill      XL: |  1  2  3 |
---------------+----------+-----
Dodging        | 3 |  3.2
Fighting       | |  2.8
Polearms       | |  1.8
Stealth        | |  0.1
Shields        | |  2.7

Action                   || total
-------------------------++-------
Melee: Trident           ||   137
Evoke: Deck              ||     1
  Eat: Chunk             ||    13
       Beef jerky        ||     1
Armor: Robe              ||    76
Dodge: Dodged            ||   160
Block: Shield            ||   142
